 Dungeon Crawl Stone Soup version 0.28-a0-627-g4e9751bbfc (webtiles) character file.

Game seed: 1867128976733529134

182 KristoblXynda the Slasher (level 5, 0/67 HPs)
             Began as a Draconian Gladiator on Oct 8, 2021.
             Slain by Riddle's ghost (12 damage)
             ... on level 3 of the Dungeon.
             The game lasted 00:03:23 (3235 turns).

KristoblXynda the Slasher (Draconian Gladiator)     Turns: 3235, Time: 00:03:24

Health: 0/67       AC: 22    Str: 18    XL:     5   Next: 35%
Magic:  5/5        EV:  2    Int:  8    God:
Gold:   104        SH:  0    Dex: 12    Spells: 4/4 levels left

rFire   . . .      SeeInvis .   a - +0 long sword
rCold   . . .      Faith    .   (no shield)
rNeg    . . .      Spirit   .   (armour unavailable)
rPois   +          Reflect  .   (helmet currently unavailable)
rElec   .          Harm     .   (cloak currently unavailable)
rCorr   .          Rampage  .   (gloves currently unavailable)
Will    .....      NoTele   +   (boots currently unavailable)
Stlth   +.........              (no amulet)
HPRegen 0.21/turn               (no ring)
MPRegen 0.09/turn               (no ring)

@: tree-form
A: stationary, stasis, torment immunity, boosted hp, AC +5, unfitting armour,
(cold-blooded)
a: no special abilities


You were on level 3 of the Dungeon.
You were a tree.
You visited 1 branch of the dungeon, and saw 3 of its levels.

You collected 104 gold pieces.

Inventory:

Hand Weapons
 a - a +0 long sword (weapon)
 d - a +2 short sword of draining
Missiles
 c - 3 throwing nets (quivered)
Armour
 b - a +0 hat (melded)
 f - a +0 kite shield
 n - a +0 pair of gloves (melded)
Jewellery
 j - a ring of positive energy
Scrolls
 e - a scroll of holy word {unknown}
 h - a scroll of noise {unknown}
 l - a scroll of amnesia {unknown}
 m - 2 scrolls of magic mapping {unknown}
 p - 2 scrolls of fear {unknown}
Potions
 g - a potion of ambrosia
 k - a potion of curing
 q - a potion of mutation {unknown}
 r - a potion of degeneration {unknown}


   Skills:
 + Level 3.5 Fighting
 * Level 4.7 Long Blades
 - Level 2.0 Throwing
 + Level 3.6 Dodging


You had 4 spell levels left.
You didn't know any spells.
Your spell library was empty.

Dungeon Overview and Level Annotations

Branches:
Dungeon (3/15)

Altars:
Xom

Shops:
D:2 *

Annotations:
D:3 Riddle's ghost, amateur FoFi


Innate Abilities, Weirdness & Mutations

You are a tree.
Your roots penetrate the ground, keeping you stationary.
You cannot be teleported.
You are immune to unholy pain and torment.
Your maximum health is greatly increased.
Your equipment is partially melded.
((Your plain brown scales are hard. (AC +5)))
You cannot fit into any form of body armour.
((You are cold-blooded and may be slowed by cold attacks.))


Message History

Riddle's ghost is severely damaged.
Riddle's ghost whispers, "The ORB doesn't exist."
Riddle's ghost hits you but does no damage.
You hit Riddle's ghost but do no damage.
Riddle's ghost is severely damaged.
Riddle's ghost barely misses you.
You slash Riddle's ghost!
Riddle's ghost is almost destroyed.
Riddle's ghost hits you but does no damage.
Riddle's ghost hits you.
* * * LOW HITPOINT WARNING * * *
Unknown command.
It was a potion of curing.
You feel better.
Riddle's ghost hits you but does no damage.
You barely miss Riddle's ghost.
Riddle's ghost is almost destroyed.
Riddle's ghost hits you.
* * * LOW HITPOINT WARNING * * *
You completely miss Riddle's ghost.
Riddle's ghost is almost destroyed.
Riddle's ghost hits you but does no damage.
You hit Riddle's ghost but do no damage.
Riddle's ghost is almost destroyed.
Riddle's ghost hits you but does no damage.
You hit Riddle's ghost but do no damage.
Riddle's ghost is almost destroyed.
Riddle's ghost barely misses you.
You hit Riddle's ghost but do no damage.
Riddle's ghost is almost destroyed.
Riddle's ghost hits you.
* * * LOW HITPOINT WARNING * * *
You hit Riddle's ghost.
Riddle's ghost is almost destroyed.
Riddle's ghost hits you but does no damage.
Riddle's ghost hits you.
* * * LOW HITPOINT WARNING * * *
You barely miss Riddle's ghost.
Riddle's ghost is almost destroyed.
Riddle's ghost hits you!
You die...

...........# #.####
############## #....#
.............# #....#
####....†..#.# #....#########
#.......#.# #............. ##
#.......#.# #....########. .#
#.......#.###########.......#. .#
#.......#.....#.....#####.#.#.
.###.......#.#..♣W≈≈≈≈[##....#.#.
...........#.##..#.....##..###.##
.....#######.############......##
.....# #.#...................
.....#######.#.########.#...#####
...........................>.†...
.....###...#.#.########.#........
.)#### #...#.#.###### #.######...
#.## #...#)#......# #.#........


You could see Riddle's ghost.

Vanquished Creatures
  2 orc wizards (D:3)
  3 gnolls (D:3)
  4 adders
  A worm (D:3)
  2 dart slugs
  4 orcs (D:3)
  5 endoplasms
  A giant cockroach (D:3)
  A goblin (D:2)
  A hobgoblin (D:2)
  10 kobolds
  4 quokkas
  9 ball pythons
  8 bats
  A frilled lizard (D:3)
  3 rats
59 creatures vanquished.

Notes
Turn   | Place    | Note
-------+----------+-------------------------------------------
     0 | D:1      | KristoblXynda the Draconian Gladiator began the quest for
                  | the Orb.
     0 | D:1      | Reached XP level 1. HP: 17/17 MP: 1/1
   292 | D:1      | Reached XP level 2. HP: 21/25 MP: 2/2
   392 | D:1      | Found a faded altar of an unknown god.
   980 | D:2      | Found a shimmering altar of Xom.
  1090 | D:2      | Reached XP level 3. HP: 25/30 MP: 3/3
  1385 | D:2      | Found Cobenex's General Store.
  2232 | D:3      | Reached skill level 4 in Long Blades
  2232 | D:3      | Reached XP level 4. HP: 38/38 MP: 4/4
  2643 | D:3      | Reached XP level 5. HP: 32/45 MP: 5/5
  2786 | D:3      | Found a runed translucent door.
  2789 | D:3      | Noticed Riddle's ghost (amateur FoFi)
  3235 | D:3      | Slain by Riddle's ghost

Illustrated notes

Levels and vault maps discovered:
D:1:      dpeg_arrival_renting, layout_basic,
          hellmonk_ecumenical_altar_inner_sanctum, serial_bayou_ford_a
D:2:      layout_loops_corners, basic_altar, serial_shops,
          nicolae_shop_waterfront, minivault_24
D:3:      layout_basic, ebering_ghost_reflecting_pool, minmay_pentomino_pile

Skill      XL: |  1  2  3 |
---------------+----------+-----
Throwing       | 2 |  2.0
Dodging        | 3 |  3.6
Fighting       | 3 |  3.5
Long Blades    | 4 |  4.7

Action                   |  1- 3 |  4- 6 || total
-------------------------+-------+-------++-------
Melee: Short sword       |    79 |    64 ||   143
       Long sword        |     7 |    19 ||    26
       Tailslap          |     9 |     4 ||    13
  Use: Scroll            |       |     2 ||     2
       Potion            |       |     2 ||     2
 Stab: Sleeping          |     5 |       ||     5
Armor: Skin              |    27 |    36 ||    63
Dodge: Dodged            |    41 |    27 ||    68

Table legend: (Time is in decaauts)
 A = Elapsed time spent in this place.
 B = Non-inter-level travel time spent in this place.
 C = Inter-level travel time spent in this place.
 D = Time resting spent in this place.
 E = Time spent auto-exploring this place.
 F = Levels seen in this place.
 G = Mean time per level.
                   A        B        C        D        E       F      G
               +--------+--------+--------+--------+--------+-----+--------+
         Total |   3249 |   3181 |     68 |    237 |   2490 |   3 | 1083.0 |
       Dungeon |   3249 |   3181 |     68 |    237 |   2490 |   3 | 1083.0 |
               +--------+--------+--------+--------+--------+-----+--------+

Top non-repeatable levels by time:
     D:3: 1329 daAuts
     D:1: 989 daAuts
     D:2: 930 daAuts
